 Dungeon Crawl Stone Soup version 0.30.0-10-gfe55d96785 (webtiles) character file.

Game seed: 8691328946512733483

546 hawla the Cudgeller (level 7, -1/50 HPs)
             Began as a Meteoran Fire Elementalist on May 14, 2023.
             Slain by a yak (13 damage)
             ... on level 5 of the Dungeon.
             The game lasted 00:05:01 (941 turns).

hawla the Cudgeller (Meteoran Fire Elementalist)     Turns: 941, Time: 00:05:02

Health: -1/50      AC:  2    Str:  9    XL:     7   Next: 83%
Magic:  5/13       EV: 13    Int: 18    God:
Gold:   74         SH:  0    Dex: 16    Spells: 6/13 levels left

rFire   + . .        c - +2 flail
rCold   + . .        (no shield)
rNeg    . . .        a - +0 robe
rPois   .            (no helmet)
rElec   .            j - scarf {rC+ rF+}
rCorr   .            (no gloves)
SInv    .            (no boots)
Will    .....        g - amulet of magic regeneration
Stlth   +            (no ring)
HPRegen 0.28/turn    (no ring)
MPRegen 0.53/turn

%: no passive effects
@: very slightly contaminated, glowing
A: sense surroundings 1, otherworldly, glowing, explore regen
a: no special abilities


You were on level 5 of the Dungeon.
You visited 1 branch of the dungeon, and saw 6 of its levels.

You collected 74 gold pieces.

Inventory:

Hand Weapons
 c - a +2 flail (weapon)
Armour
 a - a +0 robe (worn)
 j - a scarf of resistance (worn)
Jewellery
 g - an amulet of magic regeneration (around neck)
Wands
 e - a wand of charming (3) (quivered)
 k - a wand of iceblast (8)
Scrolls
 d - 4 scrolls of identify {unknown}
 h - a scroll of fog {unknown}
 i - 2 scrolls of immolation {unknown}
 l - a scroll of blinking {unknown}
Potions
 b - a potion of magic
 f - 2 potions of haste {unknown}
 m - a potion of flight {unknown}


   Skills:
 + Level 6.0 Maces & Flails
 - Level 2.8 Dodging
 - Level 1.4 Stealth
 - Level 3.5 Spellcasting
 - Level 4.6 Conjurations
 - Level 4.6 Fire Magic
 - Level 3.0 Evocations


You had 6 spell levels left.
You knew the following spells:

 Your Spells              Type           Power      Damage    Failure   Level
a - Foxfire               Conj/Fire      76%        2x1d7     2%          1
b - Scorch                Fire           40%        2d7       3%          2
c - Flame Wave            Conj/Fire      19%        2d7       22%         4

Your spell library contained the following spells:

 Spells                   Type           Power      Damage    Failure   Level
 Inner Flame              Hex/Fire       11%        N/A       19%         3
 Volatile Blastmotes      Fire/Tloc      22%        2d11      19%         3


Dungeon Overview and Level Annotations

Branches:
Dungeon (6/15) Zot: 2647   Temple (0/1) D:6

Altars:
Qazlal
Trog
Uskayaw
Wu Jian
The Shining One


Innate Abilities, Weirdness & Mutations

You passively map a small area around you.
You are easily found by Zot.
You glow in the dark.
You regain HP and MP as you explore.


Message History

Found a staircase to the Ecumenical Temple and a stone staircase leading down.
There is a stone staircase leading up here.
The yak gores you!
You climb upwards.
There is a stone staircase leading down here.
Casting: Flame Wave (quite dangerous; 22% risk of failure)
Confirm with . or Enter, or press ? or * to list all spells.
The spell is quite dangerous to miscast (22% risk of failure)!
Continue anyway?
Casting: Flame Wave (quite dangerous; 22% risk of failure)
Press: ? - help, Dir - look around, f - activate You miscast Flame Wave.
You are very lightly contaminated with residual magic.
Nothing appears to happen.
The scorpion stings you. The yak barely misses you.
Unknown command.
Casting: Flame Wave (quite dangerous; 22% risk of failure)
Confirm with . or Enter, or press ? or * to list all spells.
The spell is quite dangerous to miscast (22% risk of failure)!
Continue anyway?
Casting: Flame Wave (quite dangerous; 22% risk of failure)
Press: ? - help, Dir - look around, f - activate A wave of flame ripples out!
The flame wave engulfs the scorpion!
The scorpion is heavily wounded.
The flame wave engulfs the yak!
The yak is lightly wounded. (Press . to intensify the flame waves.)
The scorpion closely misses you. The yak gores you but does no damage.
A wave of flame ripples out!
The flame wave engulfs the scorpion.
The scorpion is severely wounded.
The flame wave engulfs the yak!
The yak is heavily wounded.
The scorpion closely misses you. The yak gores you!
* * * LOW HITPOINT WARNING * * *
Unknown command.
A wave of flame ripples out!
The flame wave engulfs the scorpion.
The scorpion is severely wounded.
The flame wave engulfs the yak.
The yak is heavily wounded.
You finish channelling waves of flame.
The scorpion stings you.
* * * LOW HITPOINT WARNING * * *
The yak gores you!
You die...

..... #.#..,
......#.#.#
,
......#†#.#*
* #...<#.# *
,#.##.#.# *
,#......#
.....##(####
* ....
+sY†..#, ...
#.@##.# * *
.., ####* #
.,, * * * *
, ,, * , ,


You could see a yak and a scorpion.

Vanquished Creatures
  An ogre (D:4)
  A black bear (D:5)
  A scorpion (D:5)
  A hound (D:4)
  3 orc priests (D:4)
  Ijyb (D:4)
  An iguana (D:3)
  2 orc wizards (D:4)
  6 adders
  An ufetubus (D:5)
  A worm (D:4)
  A dart slug (D:4)
  5 orcs (D:4)
  2 endoplasms (D:4)
  2 goblins
  A hobgoblin (D:4)
  3 kobolds
  A quokka (D:2)
  4 ball pythons
  A rat (D:3)
39 creatures vanquished.

Vanquished Creatures (others)
  66 foxfires
66 creatures vanquished.

Grand Total: 105 creatures vanquished

Notes
Turn   | Place    | Note
-------+----------+-------------------------------------------
     0 | D:1      | hawla the Meteoran Fire Elementalist began the quest for
                  | the Orb.
     0 | D:1      | Reached XP level 1. HP: 14/14 MP: 5/5
    35 | D:2      | Reached XP level 2. HP: 18/20 MP: 2/6
    38 | D:2      | Learned a level 2 spell: Scorch
   107 | D:2      | Reached XP level 3. HP: 21/26 MP: 4/8
   179 | D:3      | Found a hide-covered altar of Uskayaw.
   218 | D:3      | Reached XP level 4. HP: 23/33 MP: 0/10
   223 | D:3      | Learned a level 4 spell: Flame Wave
   251 | D:3      | Found a stormy altar of Qazlal.
   251 | D:3      | Found an ornate altar of the Wu Jian Council.
   253 | D:3      | Found a bloodstained altar of Trog.
   314 | D:4      | Reached XP level 5. HP: 33/38 MP: 6/11
   432 | D:4      | Reached XP level 6. HP: 45/45 MP: 9/12
   450 | D:4      | Noticed an ogre
   456 | D:4      | Noticed Ijyb
   459 | D:4      | Killed an ogre
   460 | D:4      | Reached skill level 2 in Maces & Flails
   491 | D:4      | Killed Ijyb
   604 | D:4      | Found a glowing golden altar of the Shining One.
   612 | D:4      | Reached XP level 7. HP: 36/50 MP: 8/13
   614 | D:4      | Reached skill level 3 in Maces & Flails
   622 | D:4      | Reached skill level 4 in Maces & Flails
   919 | D:5      | Entered Level 5 of the Dungeon
   923 | D:5      | Reached skill level 5 in Maces & Flails
   932 | D:5      | Reached skill level 6 in Maces & Flails
   935 | D:6      | Noticed a yak
   935 | D:6      | Noticed a yak
   935 | D:6      | Noticed a yak
   935 | D:6      | Noticed a yak
   935 | D:6      | Noticed a yak
   935 | D:6      | Found a staircase to the Ecumenical Temple.
   941 | D:5      | Slain by a yak

Illustrated notes

Levels and vault maps discovered:
D:1:      scummos_arrival_forest, layout_loops_ring, serial_park_tiny_2
D:2:      minmay_diamond_boxcup, layout_basic, serial_shops,
          nicolae_shop_getting_attention
D:3:      layout_rooms, gammafunk_temple_overflow_forgotten,
          mainiacjoe_overflow_small_starburst
D:4:      layout_basic, lemuel_tele_altar, uniq_ijyb
D:5:      kennysheep_steamy, layout_basic,
          mainiacjoe_overflow_concentric_impassable, kennysheep_cluttered_room,
          nicolae_grassy_gnolls
D:6:      layout_basic, grunt_dithmenos_smoke_and_mirrors, demons_altar,
          temple_statues, kennysheep_generic_room_5

Skill      XL: |  1  2  3  4  5  6  7 |
---------------+----------------------+-----
Fire Magic     | 4 |  4.6
Spellcasting   | 3 |  3.5
Conjurations   | 2 4 |  4.6
Maces & Flails | 2 6 |  6.0
Evocations     | 3 |  3.0
Dodging        | |  2.8
Stealth        | |  1.4

Action                     |  1- 3 |  4- 6 |  7- 9 || total
---------------------------+-------+-------+-------++-------
  Melee: Unarmed           |     3 |       |       ||     3
         Flail             |       |    30 |     4 ||    34
   Cast: Foxfire           |    13 |    23 |       ||    36
         Scorch            |     4 |    12 |     2 ||    18
         Flame Wave        |       |     4 |     4 ||     8
    Use: Scroll            |     3 |       |       ||     3
 Armour: Robe              |     2 |     4 |     4 ||    10
  Dodge: Dodged            |     6 |    25 |    11 ||    42
